AoeStats
← MKNG | Sr. MnKo

Arena

511424092Analyzed
1v1 RM · 13d ago on Oct 4, 2026· 49m 23s· 2 players
Game mode
Random Map
Map size
Tiny (2 player)
Population
200
Speed
Normal
Resources
Standard
Victory
Conquest
Starting age
Dark Age
Ending age
Imperial Age
RankedLock teamsTeams togetherTeam positionsShared explorationLock speedFull tech treeHidden civsTurbo modeCheats
Victory
Defeat
🇦🇷 Britons · Argentina
946
+16
vs
🇲🇽 Cumans · Mexico
946
-16
Nacho97
5:46 Loom
8:25 Feudal Age
8:52 Double-Bit Axe
9:24 Horse Collar
13:05 Wheelbarrow
17:23 Castle Age
16:04 Stone Mining
16:49 Gold Mining
21:22 Fervor
22:42 Squires
24:12 Ballistics
23:49 Town Watch
24:43 Padded Archer Armor
24:33 Fletching
25:22 Man-at-Arms
26:23 Gambesons
27:48 Leather Archer Armor
28:49 Hand Cart
29:01 Bow Saw
29:25 Long Swordsman
29:51 Arson
30:45 Gold Shaft Mining
29:41 Pikeman
30:25 Scale Mail Armor
31:12 Sanctity
34:35 Imperial Age
32:37 Murder Holes
32:59 Forging
33:36 Yeomen
33:53 Chain Mail Armor
33:34 Bodkin Arrow
35:52 Conscription
36:48 Two-Man Saw
35:53 Heavy Plow
35:21 Two-Handed Swordsman
36:57 Town Patrol
37:30 Elite Longbowman
40:54 Ring Archer Armor
40:25 Bracer
41:01 Iron Casting
40:56 Plate Mail Armor
40:36 Champion
43:01 Warwolf
44:01 Halberdier
46:02 Blast Furnace
MKNG | Sr. MnKo
0:26 Loom
11:02 Feudal Age
11:54 Double-Bit Axe
14:01 Gold Mining
20:38 Castle Age
18:37 Stone Mining
19:50 Scale Barding Armor
20:11 Forging
19:56 Fletching
20:06 Padded Archer Armor
19:39 Man-at-Arms
21:47 Horse Collar
22:12 Town Watch
23:37 Long Swordsman
26:55 Bloodlines
29:10 Elite Skirmisher
30:54 Scale Barding Armor
31:25 Heavy Plow
32:48 Bow Saw
33:35 Murder Holes
34:30 Wheelbarrow
34:28 Ballistics
34:40 Thumb Ring
35:23 Steppe Husbandry
38:14 Imperial Age
36:29 Hand Cart
38:19 Chain Barding Armor
38:35 Iron Casting
37:57 Bodkin Arrow
39:39 Elite Steppe Lancer
41:12 Plate Barding Armor
41:37 Conscription
42:27 Blast Furnace
44:06 Devotion
44:50 Leather Archer Armor
Connection lost

Rejoining the realm…

Still unreachable

The connection could not be restored.

Session expired

The server has moved on; the page needs a fresh start.